 Dungeon Crawl Stone Soup version 0.21.1-1-g345015f (webtiles) character file.

1328 nicolaieve the Cleaver (level 8, -4/69 HPs)
             Began as a Minotaur Berserker on June 25, 2018.
             Was a Priest of Trog.
             Shot with an arrow by a centaur (7 damage)
             ... on level 6 of the Dungeon.
             The game lasted 00:26:50 (3605 turns).

nicolaieve the Cleaver (Minotaur Berserker)         Turns: 3605, Time: 00:26:51

Health: -4/69      AC: 13    Str: 23    XL:     8   Next: 34%
Magic:  7/7        EV:  7    Int:  4    God:    Trog [***...]
Gold:   239        SH:  0    Dex: 11    Spells: 7/7 levels left

rFire    . . .     SeeInvis .   D - +1 hand axe (chop)
rCold    . . .     Gourm    .   (no shield)
rNeg     . . .     Faith    +   d - +0 plate armour
rPois    .         Spirit   .   (helmet restricted)
rElec    .         Reflect  .   o - +0 cloak
rCorr    .         Harm     .   (no gloves)
MR       +++..                  (no boots)
Stlth    ..........             x - amulet of faith
HPRegen  1.21/turn              g - ring of protection from magic
MPRegen  0.10/turn              q - ring of flight

@: berserk cooldown, regenerating, slowed, very slow
A: retaliatory headbutt, horns 2
a: Berserk, Trog's Hand, Burn Spellbooks, Renounce Religion, Evoke Flight


You were on level 6 of the Dungeon.
You worshipped Trog.
Trog was most pleased with you.
You were very hungry.

You visited 1 branch of the dungeon, and saw 6 of its levels.

You collected 239 gold pieces.

Inventory:

Hand Weapons
 a - a +0 hand axe
 n - a +0 whip of electrocution
 D - a +1 hand axe of chopping (weapon)
Armour
 b - a +0 animal skin
 d - a +0 plate armour (worn)
 o - a +0 cloak (worn)
Jewellery
 g - a ring of protection from magic (left hand)
 q - a ring of flight (right hand)
 x - an amulet of faith (around neck)
 B - an uncursed ring of wizardry
Wands
 y - a wand of disintegration (17)
 H - a wand of random effects (28)
Scrolls
 e - 4 scrolls of identify {unknown}
 f - 5 scrolls of remove curse {unknown}
 j - a scroll of fog {unknown}
 k - 4 scrolls of teleportation {unknown}
 p - a scroll of noise {unknown}
 r - 2 scrolls of magic mapping {unknown}
 t - a scroll of enchant weapon {unknown}
 v - a scroll of amnesia
 A - a scroll of enchant armour {unknown}
 E - a scroll of silence {unknown}
 F - a scroll of blinking {unknown}
 G - a scroll of random uselessness {unknown}
Potions
 h - a potion of invisibility {unknown}
 i - 5 potions of curing
 l - 2 potions of magic {unknown}
 m - 5 potions of lignification {unknown}
 s - 4 potions of agility {unknown}
 u - a potion of might {unknown}
 w - a potion of mutation {unknown}
 z - a potion of flight {unknown}
Comestibles
 c - 11 rations


   Skills:
 + Level 5.4 Fighting
 * Level 10.9 Axes
 + Level 5.3 Armour
 - Level 2.1 Dodging


You had 7 spell levels left.
You didn't know any spells.

Dungeon Overview and Level Annotations

Branches:
Dungeon (6/15)
 Temple: D:4-7

Altars:
Cheibriados
Dithmenos
Fedhas
Wu Jian
Xom


Innate Abilities, Weirdness & Mutations

You reflexively headbutt those who attack you in melee.
You have a pair of horns on your head.


Message History

The black bear claws you but does no damage.
Something hits you but does no damage. The centaur barely misses you.
The centaur skeleton hits you but does no damage.
The black bear bites you but does no damage.
The black bear claws you but does no damage.
The black bear closely misses you. 2 jackals come into view.
Unknown command.
The centaur hits you.
* * * LOW HITPOINT WARNING * * *
The centaur hits you but does no damage.
Something hits you but does no damage.
The centaur hits you but does no damage.
There is an open door here.
Unknown command.
Unknown command.
You hear the slow rusting of a distant drain.
The centaur wields an uncursed shortbow.
The centaur shoots an arrow.
The arrow hits you!
You die...

####### #.((..#
..###.....#########
.........).........
#(()..#
..#####(###.# ###
#..h...h#...# ...
#.....h.#[####.##.
...h..Zc'@........
.......$#....####
#.......###..#
#.......#
#..########
#.......#
#....<....#
#.......#
##.#...)..#
#########
#.#......#
#.######## #.#


You could see a centaur, 3 jackals and a centaur skeleton.

Vanquished Creatures
  Pikel (D:5)
  The ghost of mikh4il the Chopper, an amateur HOFi of Beogh (D:3)
  An orc warrior (D:5)
  3 slaves (D:5)
  A centaur (D:5)
  A centaur zombie (D:5)
  2 orc priests
  2 hounds
  2 orc wizards
  A bullfrog skeleton (D:4)
  4 worker ants
  A howler monkey zombie (D:3)
  6 gnolls
  9 adders
  3 oozes
  3 worms
  6 leopard geckos
  6 orcs
  5 giant cockroaches
  7 goblins
  6 hobgoblins
  6 kobolds
  A quokka (D:2)
  A ball python (D:2)
  7 bats
  5 frilled lizards
  A quokka skeleton (D:4)
  A quokka zombie (D:5)
  7 rats
100 creatures vanquished.

Notes
Turn   | Place    | Note
-------+----------+-------------------------------------------
     0 | D:1      | nicolaieve the Minotaur Berserker began the quest for the Orb.
     0 | D:1      | Reached XP level 1. HP: 19/19 MP: 0/0
   217 | D:1      | Reached skill level 4 in Axes
   217 | D:1      | Reached XP level 2. HP: 20/27 MP: 1/1
   615 | D:2      | Reached ** piety under Trog
   616 | D:2      | Reached XP level 3. HP: 26/33 MP: 2/2
   882 | D:2      | Reached skill level 5 in Axes
  1035 | D:2      | Reached XP level 4. HP: 38/40 MP: 3/3
  1295 | D:2      | Reached skill level 6 in Axes
  1623 | D:3      | Reached XP level 5. HP: 47/47 MP: 4/4
  1789 | D:3      | Reached *** piety under Trog
  2072 | D:3      | Noticed mikh4il's ghost (amateur HOFi)
  2082 | D:3      | Killed mikh4il's ghost
  2082 | D:3      | Reached skill level 7 in Axes
  2082 | D:3      | Reached XP level 6. HP: 53/53 MP: 5/5
  2217 | D:4      | Reached skill level 8 in Axes
  2423 | D:4      | Found a shadowy altar of Dithmenos.
  2433 | D:4      | Found a shimmering altar of Xom.
  2436 | D:4      | Found a snail-covered altar of Cheibriados.
  2439 | D:4      | Found an ornate altar of the Wu Jian Council.
  2703 | D:5      | Entered Level 5 of the Dungeon
  2751 | D:5      | Reached XP level 7. HP: 34/60 MP: 6/6
  3051 | D:5      | Noticed Pikel
  3067 | D:5      | Killed Pikel
  3067 | D:5      | Reached skill level 5 in Fighting
  3067 | D:5      | Reached skill level 10 in Axes
  3092 | D:5      | Reached XP level 8. HP: 56/68 MP: 7/7
  3150 | D:5      | Reached skill level 5 in Armour
  3283 | D:5      | Found a blossoming altar of Fedhas.
  3342 | D:5      | Found a blossoming altar of Fedhas.
  3600 | D:6      | HP: 3/69 [centaur (3)]
  3604 | D:6      | HP: 1/69 [centaur (6)]
  3605 | D:6      | Shot with an arrow by a centaur

Skill      XL: |  1  2  3  4  5  6  7  8 |
---------------+-------------------------+-----
Axes           | 4 5 6 7 8 10 | 10.9
Fighting       | 4 5 |  5.4
Armour         | 3 4 5 |  5.3
Dodging        | |  2.1

Action                   |  1- 3 |  4- 6 |  7- 9 || total
-------------------------+-------+-------+-------++-------
Melee: Hand axe          |    95 |   115 |    79 ||   289
       Headbutt          |     8 |    24 |    16 ||    48
Invok: Berserk           |       |     2 |     4 ||     6
       Trog's Hand       |       |       |     1 ||     1
  Use: Scroll            |       |       |     1 ||     1
       Potion            |       |       |     1 ||     1
  Eat: Chunk             |       |     4 |     3 ||     7
       Ration            |       |     1 |     1 ||     2
Armor: Plate armour      |    69 |    59 |    81 ||   209
Dodge: Dodged            |    34 |    29 |    38 ||   101
